Unix NetHack Version 5.0.0-0 post-release - last build May  4 2026 22:22:43 (774f63e81ad911689b3a0859ea89b322d5daca8d,branch:main).

Game began 2026-05-07 17:04:44, ended 2026-05-07 20:30:14.

Anwyn, neutral female human Monk

                       #--------------------------------#
                       #|..............................|#         ------------
      ---------        #|...------+-----.----..-----...|#         |..........|
      |.......|        #|...|(((|  |%%.-.-..|--|%+[|...|#      ###...........|
      |.......-#########|...|.((|  |!..|.|..|..|+++|...|#      #  |..........|
      |.......|        #|...|...--------.---|@.|...|....###    #  |..........|
      |........###     #|...-|---.....2.....-@--|---...|# ###  #  |..........|
      -.-------  ##    #|..............[.........1.....|%   ######----------.-
       #          ##  ##.........{.-|-----.{...........|#    #   #        ###
       #           #  ##|..........|.[...|.............|#   ##   #        #
       #           #  ##|...---|-..|.....|....--|--....|#####    ####     #
       #           #####|...|...|-||.._..|.--||...|---.|##          #     #
       #             # #|...|?++|..|.....|.|..|(((|1.|.|##          #    -|---
       #           #####|...|+++|..|------.|..|(((|..-.|##          #### |.<.|
     --|-------- ####   |...--------.......-----------.|#              # |...|
     |.........-####    |..............................|#              ##-...|
     |...>.....|        --------------------------------#######          |...|
     |.........|                                        #################....|
     -----------                                                         -----

Anwyn the Initiate              St:17 Dx:16 Co:16 In:9 Wi:13 Ch:8  Neutral
Dlvl:7  $:20 HP:0(60) Pw:46(46) AC:7  Xp:8 T:5750 

Latest messages:
 It kicks!
 It bites!
 It just misses!
 You feel an unseen monster!
 It bites!
 It kicks!
 It bites!
 It kicks!
 It bites!
 You hit it.
 She charms you.  You gladly hand over your robe.
 She stole an uncursed +1 robe.
 It kicks!
 It bites!
 You feel an unseen monster!
 It bites!
 What do you want to drink? [e or ?*] e
 You feel better.
 You can see again.
 The giant bat bites!
 The horse kicks!
 The horse bites!
 The watchman wields a short sword!
 You hit the horse!
 You kill the horse!
 The giant bat bites!
 You see here a horse corpse.
 In what direction? j
 The door closes.
 The watchman opens a door.
 Pick a monster, object or location.
 @        a human or elf (watchman)
 #ch: unknown extended command.
 Talk to whom? (in what direction) j
 "Resistance is useless!"
 The watchman thrusts her short sword.
 The watchman hits!
 What do you want to zap? [kmsxDJLQT or ?*] ?
 In what direction? j
 The watchman's boots smoulder!
 The bolt of fire hits the watchman!
 The bolt of fire bounces!
 The watchman thrusts her short sword.
 The watchman hits!
 You die...
 Do you want your possessions identified? [ynq] (y) y
 Do you want to see your attributes? [ynq] (y) y
 Do you want an account of creatures vanquished? [ynaq] (y) y
 Do you want to see your conduct and achievements? [ynq] (y) y
 Do you want to see the dungeon overview? [ynq] (y) y

Inventory:
 Coins    ('$')
  $ - 20 gold pieces
 Amulets  ('"')
  y - a blessed amulet of restful sleep
 Weapons  (')')
  r - 3 blessed +1 daggers
  F - 15 +0 daggers (at the ready)
  C - a +0 elven dagger
 Armor    ('[')
  a - an uncursed +2 pair of leather gloves (being worn)
  V - an uncursed +0 cloak of displacement
 Comestibles  ('%')
  Z - 5 uncursed tripe rations
  W - an uncursed egg
  P - an uncursed lizard corpse
 Wands    ('/')
  D - a wand of cancellation (0:5)
  x - a wand of fire (0:7)
  k - a wand of fire (0:1)
  T - a wand of lightning (0:6)
  J - a wand of make invisible (0:6)
  L - a wand of polymorph (0:2)
  s - a cursed wand of speed monster (0:4)
  m - a wand of striking (0:6)
  Q - a wand of undead turning (0:7)
 Tools    ('(')
  b - an uncursed sack containing 3 items
  l - an uncursed brass lantern
  w - an uncursed magic whistle
  p - a +0 pick-axe
  v - an uncursed skeleton key
 Gems/Stones  ('*')
  n - 2 uncursed agate stones
  q - an uncursed jacinth stone
  u - an uncursed worthless piece of white glass
  o - an uncursed worthless piece of yellowish brown glass
  M - an uncursed luckstone

Contents of the sack:
  5 uncursed food rations
  2 blessed potions of healing
  an uncursed potion of healing

Anwyn the Monk's attributes:

Background:
 You were an Initiate, a level 8 female human Monk.
 You were neutral, on a mission for Chih Sung-tzu
 who was opposed by Shan Lai Ching (lawful) and Huan Ti (chaotic).
 You were right-handed.
 You were in the Gnomish Mines, on level 7.
 You entered the dungeon 5750 turns ago.
 You had 1752 experience points, 808 more were needed to attain level 9.

Basics:
 You had 0 out of 60 hit points.
 You had all 46 energy points (spell power).
 Your armor class was 7.
 Your wallet contained 20 zorkmids.
 Autopickup was on for '$"?!=/' plus thrown.

Final Characteristics:
 Your strength was 17 (limit:18/100).
 Your dexterity was 16 (limit:18).
 Your constitution was 16 (limit:18).
 Your intelligence was 9 (limit:18).
 Your wisdom was 13 (limit:18).
 Your charisma was 8 (limit:18).

Final Status:
 You weren't hungry.
 You were unencumbered.
 You were empty handed.
 You had expert skill with martial arts.

Final Attributes:
 You were piously aligned.
 You were sleep resistant.
 You were poison resistant.
 You saw invisible.
 You were warned.
 You were stealthy.
 You were fast.
 You were lucky.
 You had extra luck.
 Bad luck did not time out for you.
 Good luck did not time out for you.
 You are dead.

Miscellaneous:
 You didn't encounter any bones levels.
 Total elapsed playing time was 3 hours, 22 minutes and 11 seconds.

Major events:
 Turn
    1: Anwyn the neutral female human Monk entered the dungeon
 1068: entered the Gnomish Mines
 1611: entered Sokoban
 1625: attained the rank of Novice (level 3)
 2938: attained the rank of Initiate (level 6)
 3247: reached Mine Town
 3958: completed 1st Sokoban level
 4250: completed 2nd Sokoban level
 4551: completed 3rd Sokoban level
 5750: killed by a watchman

Spells:
 Name                 Level Category     Fail Retention
 healing                1   healing       22%   71%-80%
 magic missile          2   attack        94%  76%-100%

Skills:
 Fighting Skills
   martial arts       [Expert]
 Weapon Skills
   quarterstaff       [Unskilled]
   spear              [Unskilled]
   crossbow           [Unskilled]
   shuriken           [Unskilled]
 Spellcasting Skills
   attack spells      [Unskilled]
   healing spells     [Basic]
   divination spells  [Unskilled]
   enchantment spells [Unskilled]
   clerical spells    [Unskilled]
   escape spells      [Unskilled]
   matter spells      [Unskilled]

Voluntary challenges:
 Character rerolling was not enabled.
 You were vegetarian.
 You never hit with a wielded weapon.
 You never genocided any monsters.
 You never polymorphed an object.
 You never changed form.
 You used no wishes.
 You did not violate any of the special Sokoban rules.
Achievements:
 You entered a shop.
 You entered the Gnomish Mines.
 You entered Sokoban.
 You attained the rank of Novice.
 You attained the rank of Initiate.
 You entered Minetown.
 You entered a temple.

 The Dungeons of Doom: levels 1 to 7
    Level 1:
       An altar, a fountain.
    Level 2:
    Level 3: "vault"
       A general store, a fountain.
    Level 4: "STASH*"
       A general store, an altar to Chih Sung-tzu, some fountains, a sink.
       Stairs down to The Gnomish Mines.
    Level 5:
       Many fountains.
       Oracle of Delphi.
    Level 6:
       A fountain.
       Stairs up to Sokoban, level 5.
    Level 7:
 The Gnomish Mines: levels 5 to 8
    Level 5:
    Level 6:
    Level 7: <- You were here.
       Many shops, a temple and an altar, some fountains.
       Final resting place for
          you, killed by a watchman.
    Level 8:
 Sokoban: levels 5 up to 2
    Level 2:
       Unsolved.
    Level 3:
       Solved.
    Level 4:
       Solved.
    Level 5:
       Solved.


Vanquished creatures:
  2 giant mimics
 an ochre jelly
  a human mummy
  a leprechaun
  2 horses
 an ice vortex
  a dwarf mummy
  a rust monster
 an owlbear
  a lizard
  a dingo
  a dog
  a jaguar
  a dust vortex
  a human zombie
  a bugbear
  a quasit
  a mountain nymph
  4 Uruk-hai
  a rock mole
  a yellow light
  a violet fungus
  4 gnome leaders
  3 gnomish wizards
  2 elf zombies
  a giant ant
  a little dog
  7 dwarves
  a homunculus
  a kobold shaman
 14 hill orcs
  a centipede
  a monkey
  4 dwarf zombies
  a werejackal
  2 iguanas
  2 acid blobs
  4 coyotes
  3 hobbits
  a hobgoblin
  5 giant rats
  a cave spider
 28 gnomes
  a gnome zombie
  a gecko
 11 jackals
  4 foxes
  a kobold
  a goblin
  6 sewer rats
  6 grid bugs
  a bat
  3 lichens
  4 kobold zombies
  6 newts
159 creatures vanquished.

No species were genocided or became extinct.

Game over:
                       ----------
                      /          \
                     /    REST    \
                    /      IN      \
                   /     PEACE      \
                  /                  \
                  |      Anwyn       |
                  |      20 Au       |
                  |   killed by a    |
                  |     watchman     |
                  |                  |
                  |                  |
                  |       2026       |
                 *|     *  *  *      | *
        _________)/\\_//(\/(/\)/\//\/|_)_______

Goodbye Anwyn the Monk...

You died in The Gnomish Mines on dungeon level 7 with 7386 points,
and 20 pieces of gold, after 5750 moves.
You were level 8 with a maximum of 60 hit points when you died.

